 Dungeon Crawl Stone Soup version 0.27.0-1-g7a089689b8 (webtiles) character file.

Game seed: 12464567873595894723

46 inmateoo the Grasshopper (level 3, 0/22 HPs)
             Began as a Tengu Warper on Aug 6, 2021.
             Slain by a worm (10 damage)
             ... on level 2 of the Dungeon.
             The game lasted 00:01:50 (1224 turns).

inmateoo the Grasshopper (Tengu Warper)             Turns: 1224, Time: 00:01:50

Health: 0/22       AC:  3    Str: 12    XL:     3   Next: 66%
Magic:  7/7        EV: 12    Int: 13    God:
Gold:   34         SH:  0    Dex: 13    Spells: 6/6 levels left

rFire    . . .     SeeInvis .   a - +0 falchion
rCold    . . .     Faith    .   (no shield)
rNeg     . . .     Spirit   .   b - +0 leather armour
rPois    .         Reflect  .   (helmet restricted)
rElec    .         Harm     .   (no cloak)
rCorr    .         Rampage  .   (no gloves)
Will     .....                  (boots unavailable)
Stlth    +.........             (no amulet)
HPRegen  0.07/turn              (no ring)
MPRegen  0.10/turn              (no ring)

@: no status effects
A: beak, talons 3
a: no special abilities


You were on level 2 of the Dungeon.
You visited 1 branch of the dungeon, and saw 2 of its levels.

You collected 34 gold pieces.

Inventory:

Hand Weapons
 a - a +0 falchion (weapon)
Missiles
 d - 5 boomerangs of dispersal (quivered)
 f - 4 boomerangs
Armour
 b - a +0 leather armour (worn)
Scrolls
 c - a scroll of blinking
 g - a scroll of brand weapon {unknown}
 h - a scroll of noise {unknown}
 i - a scroll of identify {unknown}
 j - a scroll of summoning {unknown}
Potions
 e - a potion of magic {unknown}


   Skills:
 + Level 2.3 Fighting
 + Level 2.6 Long Blades
 - Level 1.0 Throwing
 + Level 1.7 Armour
 + Level 2.6 Dodging
 + Level 2.3 Spellcasting
 + Level 2.7 Translocations


You had 6 spell levels left.
You didn't know any spells.
Your spell library contained the following spells:

 Spells                   Type           Power      Damage    Failure   Level
 Blink                    Tloc           N/A        N/A       16%         2
 Gell's Gravitas          Tloc           4%         N/A       30%         3
 Lesser Beckoning         Tloc           4%         N/A       30%         3
 Teleport Other           Tloc           8%         N/A       30%         3
 Manifold Assault         Tloc           8%         N/A       95%         5


Dungeon Overview and Level Annotations

Branches:
Dungeon (2/15)

Altars:
Ashenzari


Innate Abilities, Weirdness & Mutations

You have a beak for a mouth.
You have claws for feet.


Message History

Things that are here:
a +0 club; a goblin corpse No target in view!
Found 4 stones.
No target in view!
A kobold comes into view. It is wielding a +0 whip.
The kobold shouts!
The kobold moves out of view.
The kobold throws a stone.
The stone closely misses you.
Found a stone staircase leading up.
You see here 4 stones.
The kobold hits you with a +0 whip.
A kobold is nearby!
You hit the kobold but do no damage. You claw the kobold.
You kill the kobold!
Things that are here:
a +0 whip; 3 stones No target in view!
No target in view!
Found a chain mail.
No target in view!
An adder and a worm come into view.
The adder hisses angrily.
Found an escape hatch in the ceiling.
There are monsters nearby!
There are monsters nearby!
The adder barely misses you.
You miss the adder. The adder closely misses you.
You riposte.
You hit the adder. Your kick misses the adder.
The adder is severely wounded.
You hit the adder.
You kill the adder!
The worm bites you.
You hit the worm.
The worm is moderately wounded.
The worm bites you!
You hit the worm but do no damage.
The worm is moderately wounded.
The worm bites you!
You die...

#############
###...........# ######
#.......).###.###.....
##..#####.#.#.#.......
#...w@....(...........
#...##.##.#.#.#.._....
#...##.##.#.#.#.......
#.<.##.[#.#.#.........
#...###.#.#.#....#####
#...# .#.#.#.####
....# ..<#...# #....#
##.##### .....#


You could see a worm.

Vanquished Creatures
  An adder (D:2)
  3 dart slugs (D:1)
  2 ball pythons
  4 endoplasms (D:1)
  6 goblins
  A hobgoblin (D:1)
  A quokka (D:1)
  3 bats (D:1)
  A frilled lizard (D:1)
  4 kobolds
  4 rats (D:1)
30 creatures vanquished.

Notes
Turn   | Place    | Note
-------+----------+-------------------------------------------
     0 | D:1      | inmateoo the Tengu Warper began the quest for the Orb.
     0 | D:1      | Reached XP level 1. HP: 12/12 MP: 4/4
   194 | D:1      | Reached XP level 2. HP: 9/17 MP: 6/6
   469 | D:1      | Reached XP level 3. HP: 10/21 MP: 7/7
  1179 | D:2      | Found a broken altar of Ashenzari.
  1224 | D:2      | Slain by a worm

Illustrated notes

Levels and vault maps discovered:
D:1:      dpeg_arrival_orchard, layout_rooms
D:2:      layout_basic, basic_altar, minmay_pentomino_pile

Action                   || total
-------------------------++-------
Melee: Falchion          ||    62
       Kick              ||    17
       Peck              ||     6
Armor: Leather armour    ||    14
Dodge: Dodged            ||    36
       Rpst.: Falchion   ||    12
